 Dungeon Crawl Stone Soup version 0.28-a0-773-g130ae17fe5 (webtiles) character file.

Game seed: 16126023612839604762

716 croobank the Digger (level 7, -2/41 HPs)
             Began as a Gargoyle Earth Elementalist on Nov 1, 2021.
             Slain by a scorpion (7 damage)
             ... on level 5 of the Dungeon.
             The game lasted 00:23:12 (4054 turns).

croobank the Digger (Gargoyle Earth Elementalist)   Turns: 4054, Time: 00:23:13

Health: -2/41      AC:  8    Str: 19    XL:     7   Next: 69%
Magic:  10/13      EV: 12    Int: 16    God:
Gold:   118        SH:  0    Dex: 10    Spells: 0/14 levels left

rFire   + . .      SeeInvis .   t - staff of earth
rCold   + . .      Faith    .   (no shield)
rNeg    + . .      Spirit   .   b - +0 robe
rPois   ∞          Reflect  .   F - +0 helmet
rElec   +          Harm     .   (no cloak)
rCorr   .          Rampage  .   (no gloves)
Will    .....                   (no boots)
Stlth   ++........              A - amulet of the acrobat
HPRegen 0.13/turn               s - +6 ring of strength
MPRegen 0.13/turn               y - ring "Fothivos" {+Blink rPois rF+ rC+}

@: no status effects
A: sickness immunity, AC +4, negative energy resistance 1, electricity
resistance, torment resistance 1, petrification resistance
a: Evoke Blink


You were on level 5 of the Dungeon.
You visited 1 branch of the dungeon, and saw 5 of its levels.

You collected 151 gold pieces.
You spent 33 gold pieces at shops.

Inventory:

Hand Weapons
 e - a +0 dagger
 g - a +0 short sword
 i - a +0 rapier
 m - a +0 spear
 n - a +0 hand axe
 u - a +0 demon whip
Missiles
 a - 20 bolts
 c - 133 stones
 j - 83 arrows
Armour
 b - a +0 robe (worn)
 d - a +2 buckler
 h - a +0 leather armour
 o - a +0 ring mail
 q - a +0 chain mail
 F - a +0 helmet (worn)
Magical Staves
 t - a staff of earth (weapon)
Jewellery
 s - a +6 ring of strength (left hand)
 y - the ring "Fothivos" (right hand) {+Blink rPois rF+ rC+}
   (You found it on level 4 of the Dungeon)

   [ring of protection from cold]

   rF:        It protects you from fire.
   rC:        It protects you from cold.
   rPois:     It protects you from poison.
   +Blink:    It lets you blink.
 A - an amulet of the acrobat (around neck)
 B - a +4 ring of protection
Scrolls
 p - a scroll of amnesia {unknown}
 r - a scroll of blinking
 x - a scroll of noise {unknown}
 C - a scroll of fear {unknown}
 D - a scroll of teleportation
 E - a scroll of identify
Potions
 f - a potion of degeneration {unknown}
 k - a potion of lignification
 l - 3 potions of curing {unknown}
 v - 2 potions of berserk rage
 w - a potion of brilliance
 z - a potion of attraction {unknown}


   Skills:
 + Level 3.2 Fighting
 + Level 2.5(2.9) Short Blades
 + Level 1.9(2.5) Long Blades
 + Level 1.9(2.7) Axes
 + Level 2.1(3.1) Maces & Flails
 + Level 1.9(2.8) Polearms
 + Level 2.5(3.3) Staves
 + Level 1.9(2.3) Slings
 + Level 2.1 Bows
 + Level 2.1 Crossbows
 + Level 1.9(2.3) Throwing
 + Level 2.3 Armour
 + Level 3.4 Dodging
 + Level 4.5 Stealth
 + Level 2.3 Shields
 + Level 2.2 Unarmed Combat
 + Level 4.2 Spellcasting
 + Level 2.3 Conjurations
 + Level 2.1 Hexes
 + Level 2.1 Summonings
 + Level 2.1 Necromancy
 + Level 1.9 Translocations
 + Level 2.0 Transmutations
 + Level 2.6 Fire Magic
 + Level 2.1 Ice Magic
 + Level 1.7 Air Magic
 + Level 5.7 Earth Magic
 + Level 2.1 Poison Magic
 + Level 2.9 Invocations
 + Level 1.9 Evocations


You couldn't memorise any spells.
You knew the following spells:

 Your Spells              Type           Power      Damage    Failure   Level
a - Sandblast             Erth           64%        2d14      1%          1
b - Passwall              Tmut/Erth      19%        N/A       4%          2
c - Stone Arrow           Conj/Erth      48%        3d10      10%         3
d - Freeze                Ice            40%        1d6       7%          1
e - Frozen Ramparts       Ice            20%        1d4       21%         3
f - Teleport Other        Tloc           9%         N/A       22%         3
g - Slow                  Hex            40%        N/A       7%          1

Your spell library contained the following spells:

 Spells                   Type           Power      Damage    Failure   Level
 Confusing Touch          Hex            10%        N/A       21%         3
 Gell's Gravitas          Tloc           9%         N/A       22%         3
 Vampiric Draining        Necr           10%        2d6       22%         3
 Petrify                  Tmut/Erth      23%        N/A       32%         4
 Hailstorm                Conj/Ice       10%        3d5       54%         4
 Dispersal                Tloc           4%         N/A       100%        6


Dungeon Overview and Level Annotations

Branches:
Dungeon (5/15)
 Temple: D:4-7

Altars:
Okawaru
Qazlal

Shops:
D:2 (   D:3 (


Innate Abilities, Weirdness & Mutations

You are immune to sickness and miasma.
Your stone body is resilient. (AC +4)
You are immune to poison.
You resist negative energy. (rN+)
You are resistant to electric shocks. (rElec)
You are resistant to unholy torment.
You are immune to petrification.


Message History

You hit the scorpion but do no damage.
The scorpion is heavily wounded.
The scorpion stings you. The scorpion barely misses you.
You hit the scorpion.
The scorpion is severely wounded.
The scorpion stings you but does no damage.
You hit the scorpion but do no damage.
The scorpion is severely wounded.
The scorpion completely misses you.
Aiming: Sandblast (safe; 1% risk of failure)
Press: ? - help, Q - select action, (/) - cycle Shift-Dir - straight line, f - scorpion
Aim: a scorpion (severely wounded, 82% to hit)
You feel a surge of power!
The blast of sand misses the scorpion.
The scorpion stings you.
You hit the scorpion but do no damage. You punch the scorpion.
The scorpion is almost dead.
The scorpion completely misses you. The scorpion barely misses you.
You hit the scorpion but do no damage.
The scorpion is almost dead.
The scorpion stings you!
Aiming: Sandblast (safe; 1% risk of failure)
Press: ? - help, Q - select action, (/) - cycle Shift-Dir - straight line, f/p - scorpion
Aim: a scorpion (almost dead, 82% to hit)
You feel a surge of power!
The blast of sand hits the scorpion.
The scorpion is almost dead.
The scorpion stings you but does no damage.
You hit the scorpion but do no damage.
The scorpion is almost dead.
The scorpion stings you.
* * * LOW HITPOINT WARNING * * *
Aiming: Sandblast (safe; 1% risk of failure)
Press: ? - help, Q - select action, (/) - cycle Shift-Dir - straight line, f/p - scorpion
Aim: a scorpion (almost dead, 82% to hit)
You feel a surge of power!
The blast of sand hits the scorpion but does no damage.
The scorpion is almost dead.
The scorpion stings you!
* * * LOW HITPOINT WARNING * * *
The scorpion stings you!
You die...

## ## . ##. .#####
..##..###.....#
[...........#
......(.....###.
#....@s.......
#.........###.
#<........#
##.........#
#..........#
#..........#
#.######.#########
#. #..#......#
###..
#######.#......#


You could see a scorpion.

Vanquished Creatures
  An ogre (D:4)
  A kobold brigand (D:4)
  A scorpion (D:4)
  A hound (D:4)
  A bullfrog skeleton (D:4)
  2 iguanas (D:4)
  6 adders
  2 ufetubi (D:4)
  An adder skeleton (D:4)
  2 worms (D:2)
  2 dart slugs
  5 ball pythons
  6 endoplasms
  A giant cockroach (D:3)
  2 goblins (D:1)
  7 hobgoblins
  3 jackals (D:3)
  9 kobolds
  A quokka (D:3)
  7 bats
  4 frilled lizards
  3 rats
68 creatures vanquished.

Vanquished Creatures (collateral kills)
  An adder (D:2)
  A hobgoblin (D:2)
  2 jackals (D:2)
  A rat (D:2)
5 creatures vanquished.

Grand Total: 73 creatures vanquished

Notes
Turn   | Place    | Note
-------+----------+-------------------------------------------
     0 | D:1      | croobank the Gargoyle Earth Elementalist began the quest
                  | for the Orb.
     0 | D:1      | Reached XP level 1. HP: 10/10 MP: 3/3
   172 | D:1      | Reached skill level 4 in Earth Magic
   181 | D:1      | Reached XP level 2. HP: 2/15 MP: 0/5
   865 | D:1      | Found a faded altar of an unknown god.
   978 | D:1      | Reached XP level 3. HP: 16/19 MP: 3/6
  1124 | D:1      | Learned a level 2 spell: Passwall
  1128 | D:1      | Learned a level 3 spell: Stone Arrow
  1559 | D:2      | Reached skill level 1 in Short Blades
  1726 | D:2      | Found Lemosu Likie's Antique Weapon Shop.
  1956 | D:3      | Reached XP level 4. HP: 24/24 MP: 7/7
  1985 | D:3      | Found a stormy altar of Qazlal.
  2151 | D:3      | Reached skill level 1 in Long Blades
  2151 | D:3      | Reached skill level 1 in Axes
  2151 | D:3      | Reached skill level 1 in Maces & Flails
  2151 | D:3      | Reached skill level 1 in Polearms
  2151 | D:3      | Reached skill level 1 in Staves
  2151 | D:3      | Reached skill level 1 in Slings
  2151 | D:3      | Reached skill level 1 in Bows
  2151 | D:3      | Reached skill level 1 in Crossbows
  2151 | D:3      | Reached skill level 1 in Throwing
  2151 | D:3      | Reached skill level 1 in Armour
  2151 | D:3      | Reached skill level 1 in Shields
  2151 | D:3      | Reached skill level 1 in Unarmed Combat
  2151 | D:3      | Reached skill level 1 in Conjurations
  2151 | D:3      | Reached skill level 1 in Hexes
  2151 | D:3      | Reached skill level 1 in Summonings
  2151 | D:3      | Reached skill level 1 in Necromancy
  2151 | D:3      | Reached skill level 1 in Translocations
  2151 | D:3      | Reached skill level 1 in Transmutations
  2151 | D:3      | Reached skill level 1 in Fire Magic
  2151 | D:3      | Reached skill level 1 in Ice Magic
  2151 | D:3      | Reached skill level 1 in Air Magic
  2151 | D:3      | Reached skill level 5 in Earth Magic
  2151 | D:3      | Reached skill level 1 in Poison Magic
  2151 | D:3      | Reached skill level 1 in Evocations
  2151 | D:3      | Reached XP level 5. HP: 31/31 MP: 7/9
  2152 | D:3      | Reached XP level 6. HP: 37/37 MP: 7/12
  2329 | D:3      | Found Cegogim's Weapon Boutique.
  2338 | D:3      | Bought 24 stones for 33 gold pieces
  2781 | D:4      | Learned a level 1 spell: Freeze
  2785 | D:4      | Learned a level 3 spell: Frozen Ramparts
  2789 | D:4      | Learned a level 3 spell: Teleport Other
  2802 | D:4      | Identified the ring "Fothivos" {+Blink rPois rF+ rC+}
  2807 | D:4      | Reached XP level 7. HP: 41/41 MP: 13/13
  2827 | D:4      | Found an iron altar of Okawaru.
  3016 | D:4      | Learned a level 1 spell: Slow
  3951 | D:5      | Entered Level 5 of the Dungeon
  4054 | D:5      | Slain by a scorpion

Illustrated notes

Levels and vault maps discovered:
D:1:      psy_arrival_dodecagon, layout_basic, ebering_ecumenical_altar_mist
D:2:      layout_basic, serial_shops, shop
D:3:      layout_basic, mainiacjoe_overflow_24_doors, serial_shops, shop
D:4:      layout_cave_pools, mainiacjoe_overflow_chevrons
D:5:      layout_rooms, minitemple, uniq_ijyb

Skill      XL: |  1  2  3  4  5 |
---------------+----------------+-----
Earth Magic    | 4 5 |  5.7
Short Blades   | 1 2 |  2.5
Fighting       | 2 3 |  3.2
Long Blades    | 1 |  1.9
Axes           | 1 |  1.9
Maces & Flails | 1 2 |  2.1
Polearms       | 1 |  1.9
Staves         | 1 2 |  2.5
Slings         | 1 |  1.9
Bows           | 1 2 |  2.1
Crossbows      | 1 2 |  2.1
Throwing       | 1 |  1.9
Armour         | 1 2 |  2.3
Dodging        | 3 |  3.4
Stealth        | 3 4 |  4.5
Shields        | 1 2 |  2.3
Unarmed Combat | 1 2 |  2.2
Spellcasting   | 3 4 |  4.2
Conjurations   | 1 2 |  2.3
Hexes          | 1 2 |  2.1
Summonings     | 1 2 |  2.1
Necromancy     | 1 2 |  2.1
Translocations | 1 |  1.9
Transmutations | 1 2 |  2.0
Fire Magic     | 1 2 |  2.6
Ice Magic      | 1 2 |  2.1
Air Magic      | 1 |  1.7
Poison Magic   | 1 2 |  2.1
Invocations    | 2 |  2.9
Evocations     | 1 |  1.9

Action                   |  1- 3 |  4- 6 |  7- 9 || total
-------------------------+-------+-------+-------++-------
Melee: Unarmed           |    18 |       |       ||    18
       Dagger            |    16 |       |       ||    16
       Rapier            |    37 |    24 |       ||    61
       Short sword       |     1 |       |       ||     1
       Staff             |       |    24 |    90 ||   114
       Punch             |       |       |     1 ||     1
 Cast: Sandblast         |    25 |     9 |    15 ||    49
  Use: Potion            |     3 |     2 |       ||     5
       Scroll            |     3 |     2 |       ||     5
 Stab: Sleeping          |     3 |     6 |     2 ||    11
Armor: Robe              |    26 |    17 |    32 ||    75
Dodge: Dodged            |    63 |    32 |    64 ||   159

Table legend: (Time is in decaauts)
 A = Elapsed time spent in this place.
 B = Non-inter-level travel time spent in this place.
 C = Inter-level travel time spent in this place.
 D = Time resting spent in this place.
 E = Time spent auto-exploring this place.
 F = Levels seen in this place.
 G = Mean time per level.
                   A        B        C        D        E       F      G
               +--------+--------+--------+--------+--------+-----+--------+
         Total |   4063 |   3997 |     66 |    749 |   2221 |   5 |  812.6 |
       Dungeon |   4063 |   3997 |     66 |    749 |   2221 |   5 |  812.6 |
               +--------+--------+--------+--------+--------+-----+--------+

Top non-repeatable levels by time:
     D:1: 1356 daAuts
     D:4: 1251 daAuts
     D:3: 750 daAuts
     D:2: 601 daAuts
     D:5: 103 daAuts
